 Dungeon Crawl Stone Soup version 0.22.1-1-ga44c0e5 (webtiles) character file.

162 multistability the Magician (level 5, -3/28 HPs)
             Began as a Deep Elf Fire Elementalist on Oct 16, 2018.
             Killed from afar by an orc wizard (12 damage)
             ... with a puff of frost
             ... on level 3 of the Dungeon.
             The game lasted 00:12:35 (2974 turns).

multistability the Magician (DEFE)                  Turns: 2974, Time: 00:12:36

Health: -3/28      AC:  2    Str:  5    XL:     5   Next: 19%
Magic:  5/15       EV: 13    Int: 21    God:
Gold:   65         SH:  0    Dex: 15    Spells: 13/16 levels left

rFire    . . .     SeeInvis .   g - +2 whip (flame)
rCold    . . .     Gourm    .   (no shield)
rNeg     . . .     Faith    .   a - +0 robe
rPois    .         Spirit   .   (no helmet)
rElec    .         Reflect  .   (no cloak)
rCorr    .         Harm     .   (no gloves)
MR       .....                  (no boots)
Stlth    ++........             (no amulet)
HPRegen  0.09/turn              (no ring)
MPRegen  0.14/turn              (no ring)

@: no status effects
A: no striking features
a: no special abilities


You were on level 3 of the Dungeon.
You were not hungry.

You visited 1 branch of the dungeon, and saw 3 of its levels.

You collected 65 gold pieces.

Inventory:

Hand Weapons
 g - a +2 whip of flaming (weapon)
 k - a cursed +0 dagger
Armour
 a - a +0 robe (worn)
Jewellery
 p - an uncursed ring of protection from fire {unknown}
Scrolls
 d - 3 scrolls of identify {unknown}
 e - 2 scrolls of noise {unknown}
 h - 4 scrolls of magic mapping {unknown}
 i - 2 scrolls of remove curse {unknown}
 l - a scroll of enchant weapon {unknown}
 m - a scroll of enchant armour {unknown}
Potions
 b - a potion of agility {unknown}
 f - 2 potions of curing {unknown}
 n - a potion of heal wounds {unknown}
 o - 2 potions of brilliance {unknown}
Comestibles
 c - 3 rations
 j - a chunk of flesh


   Skills:
 - Level 2.4 Dodging
 - Level 2.5 Stealth
 - Level 6.1 Spellcasting
 * Level 3.3 Conjurations
 - Level 3.2 Fire Magic


You had 13 spell levels left.
You knew the following spells:

 Your Spells              Type           Power        Failure   Level  Hunger
a - Flame Tongue          Conj/Fire      ###..        2%          1    None
b - Throw Flame           Conj/Fire      ###...       3%          2    None

Your spell library contained the following spells:

 Spells                   Type           Power        Failure   Level  Hunger
 Conjure Flame            Conj/Fire      ###.....     8%          3    ##.....
 Inner Flame              Hex/Fire       ##......     14%         3    ##.....
 Sticky Flame             Conj/Fire      ###.....     24%         4    ####...
 Fireball                 Conj/Fire      ###.......   56%         5    #####..


Dungeon Overview and Level Annotations

Branches:
Dungeon (3/15)

Altars:


Message History

The puff of flame hits the orc wizard.
The orc wizard is heavily wounded.
The orc wizard points at you and mumbles some strange words.
The puff of frost hits you!
Casting: Throw Flame (safe; 3% risk of failure)
Confirm with . or Enter, or press ? or * to list all spells.
Aiming: Throw Flame (safe; 3% risk of failure)
Press: ? - help, Shift-Dir - straight line, f/p - orc wizard
Aim: an orc wizard, wielding a dagger and wearing a robe (heavily wounded)
The puff of flame hits the orc wizard.
The orc wizard is severely wounded.
The orc wizard casts a spell.
The orc wizard flickers and vanishes!
Deactivating autopickup; reactivate with Ctrl-A.
Casting: Throw Flame (safe; 3% risk of failure)
Confirm with . or Enter, or press ? or * to list all spells.
You can't see any susceptible monsters within range! (Use Z to cast anyway.)
A puff of frost appears from out of thin air!
The puff of frost hits you!
You die...

#.##.# ###.#.## # #..#.#
#...#.## #. ##.#.# #.###.##
##.# ###.#.# #.# #.##
##(..## #.....# #.# #.##
.......##.....##### #.# #.#
#...#.#...)......# #.# #.#
##..[....†...#.#.# #.# #.#
..)....{...@..#.#.###.###.##
.#####.#.##.###.#...........
#####.#.##.# #.#########.##
.........#.# #.# #####.#
######...#.###.# #.....#
#...#...#.# #.#####
#...###.#.# #.# #...# #.#.#
#.# .#####...# #...# #.#


There were no monsters in sight!

Vanquished Creatures
  An orc priest (D:3)
  4 adders
  A worm (D:2)
  2 dart slugs (D:2)
  4 leopard geckos
  An orc (D:3)
  A ball python (D:1)
  3 giant cockroaches (D:2)
  16 hobgoblins
  4 jackals (D:3)
  3 quokkas
  8 bats
  2 frilled lizards (D:1)
  13 goblins
  12 kobolds
  4 rats
79 creatures vanquished.

Notes
Turn   | Place    | Note
-------+----------+-------------------------------------------
     0 | D:1      | multistability the Deep Elf Fire Elementalist began the
                  | quest for the Orb.
     0 | D:1      | Reached XP level 1. HP: 10/10 MP: 6/6
   446 | D:1      | Reached XP level 2. HP: 15/15 MP: 5/8
  1147 | D:1      | Reached XP level 3. HP: 19/19 MP: 6/9
  1521 | D:1      | Learned a level 2 spell: Throw Flame
  1823 | D:2      | Reached skill level 4 in Spellcasting
  2136 | D:2      | Reached XP level 4. HP: 24/24 MP: 10/12
  2307 | D:2      | Reached skill level 5 in Spellcasting
  2868 | D:3      | Reached skill level 6 in Spellcasting
  2868 | D:3      | Reached XP level 5. HP: 28/28 MP: 7/15
  2974 | D:3      | Killed from afar by an orc wizard

Skill      XL: |  1  2  3  4 |
---------------+-------------+-----
Conjurations   | 2 3 |  3.3
Spellcasting   | 4 6 |  6.1
Dodging        | |  2.4
Stealth        | |  2.5
Fire Magic     | |  3.2

Action                   |  1- 3 |  4- 6 || total
-------------------------+-------+-------++-------
Melee: Whip              |    11 |     1 ||    12
 Cast: Flame Tongue      |    75 |    40 ||   115
       Throw Flame       |       |    16 ||    16
  Eat: Ration            |     1 |       ||     1
       Chunk             |       |     3 ||     3
Armor: Robe              |     5 |       ||     5
Dodge: Dodged            |    23 |     9 ||    32
